 Dungeon Crawl Stone Soup version 0.29-a0-330-g52719c12eb (webtiles) character file.

Game seed: 8044455272272641154

112 Anon1729 the Ducker (level 4, 0/37 HPs)
             Began as a Merfolk Monk on May 22, 2022.
             Killed from afar by a dart slug (1 damage)
             ... with a slug dart
             ... on level 2 of the Dungeon.
             The game lasted 00:01:24 (1372 turns).

Anon1729 the Ducker (Merfolk Monk)                  Turns: 1372, Time: 00:01:24

Health: 0/37       AC:  2    Str: 11    XL:     4   Next: 93%
Magic:  4/4        EV: 14    Int:  9    God:
Gold:   76         SH:  0    Dex: 18    Spells: 3/3 levels left

rFire   . . .      SeeInvis .   a - +0 falchion
rCold   + . .      Faith    .   (no shield)
rNeg    . . .      Spirit   .   b - +0 robe
rPois   .          Reflect  .   (no helmet)
rElec   .          Harm     .   (no cloak)
rCorr   .          Rampage  .   (no gloves)
Will    .....                   (no boots)
Stlth   +++.......              (no amulet)
HPRegen 0.12/turn               c - ring of protection from cold
MPRegen 0.09/turn               (no ring)

@: no status effects
A: (nimble swimmer 2), mertail
a: no special abilities


You were on level 2 of the Dungeon.
You visited 1 branch of the dungeon, and saw 2 of its levels.

You collected 76 gold pieces.

Inventory:

Hand Weapons
 a - a +0 falchion (weapon)
Armour
 b - a +0 robe (worn)
Jewellery
 c - a ring of protection from cold (left hand)
Scrolls
 d - 3 scrolls of identify {unknown}
 f - a scroll of fog {unknown}
 g - a scroll of fear {unknown}
 h - a scroll of blinking {unknown}


   Skills:
 + Level 4.1 Fighting
 + Level 4.4 Long Blades
 + Level 5.0 Dodging
 + Level 3.4 Stealth


You had 3 spell levels left.
You didn't know any spells.
Your spell library contained the following spells:

 Spells                   Type           Power      Damage    Failure   Level
 Portal Projectile        Hex/Tloc       0%         N/A       77%         3
 Blade Hands              Tmut           0%         N/A       100%        5
 Excruciating Wounds      Necr           0%         N/A       100%        5


Dungeon Overview and Level Annotations

Branches:
Dungeon (2/15)

Altars:


Innate Abilities, Weirdness & Mutations

((You are very nimble when in or above water. (Stealth+, EV+, Speed+++)))
Your lower body shifts to a powerful aquatic tail in water.


Message History

A dart slug comes into view.
You are too injured to fight recklessly!
You are too injured to fight recklessly!
You are too injured to fight recklessly!
You are too injured to fight recklessly!
You are too injured to fight recklessly!
You are too injured to fight recklessly!
You are too injured to fight recklessly!
You are too injured to fight recklessly!
You are too injured to fight recklessly!
You are too injured to fight recklessly!
You are too injured to fight recklessly!
You are too injured to fight recklessly!
You are too injured to fight recklessly!
You are too injured to fight recklessly!
You are too injured to fight recklessly!
You are too injured to fight recklessly!
You are too injured to fight recklessly!
You are too injured to fight recklessly!
You barely miss the worm.
The worm is moderately wounded.
The worm bites you!
* * * LOW HITPOINT WARNING * * *
You slash the worm!
The worm is heavily wounded.
You slash the worm!
The worm is almost dead.
The worm bites you!
* * * LOW HITPOINT WARNING * * *
You hit the worm but do no damage.
The worm is almost dead.
The dart slug launches a dart at you. The slug dart hits you.
* * * LOW HITPOINT WARNING * * *
You slash the worm!
You kill the worm!
You see here a worm corpse.
The dart slug launches a dart at you. The slug dart hits you.
You die...

#... ##.. # ....# .. ..
... #..# ##.#### ###.####
##.....####. ......#
#..w........
#.##.###..@....# #
#######.†....#...†...##.#
.......###.#..$.........#
######............!...#.#
##....÷#####..†#.....
###...#........)#)......
##....###...#####.........
....## ##..# ####......
....# #.... #.....


You could see a dart slug.

Vanquished Creatures
  A howler monkey (D:2)
  3 adders (D:2)
  A worm (D:2)
  A dart slug (D:1)
  4 ball pythons
  An endoplasm (D:1)
  2 giant cockroaches
  4 goblins
  7 hobgoblins
  3 kobolds (D:1)
  3 quokkas
  2 bats (D:1)
  2 frilled lizards
  3 rats (D:1)
37 creatures vanquished.

Notes
Turn   | Place    | Note
-------+----------+-------------------------------------------
     0 | D:1      | Anon1729 the Merfolk Monk began the quest for the Orb.
     0 | D:1      | Reached XP level 1. HP: 18/18 MP: 1/1
   259 | D:1      | Reached XP level 2. HP: 24/24 MP: 2/2
   800 | D:1      | Reached XP level 3. HP: 29/29 MP: 3/3
  1168 | D:2      | Reached XP level 4. HP: 17/37 MP: 4/4
  1355 | D:2      | Reached skill level 5 in Dodging
  1369 | D:2      | HP: 1/37 [dart slug/slug dart (2)]
  1372 | D:2      | Killed from afar by a dart slug

Illustrated notes

Levels and vault maps discovered:
D:1:      dpeg_arrival_solitude, layout_rooms
D:2:      layout_rooms, amcnicky_mini_corridor_feature,
          nicolae_elevator_lobby_asterisk

Skill      XL: |  1  2  3  4 |
---------------+-------------+-----
Long Blades    | 4 |  4.4
Stealth        | 3 |  3.4
Fighting       | 4 |  4.1
Dodging        | 5 |  5.0

Action                   |  1- 3 |  4- 6 || total
-------------------------+-------+-------++-------
Melee: Falchion          |   101 |    24 ||   125
  Use: Potion            |     2 |       ||     2
 Stab: Sleeping          |     2 |       ||     2
       Invisible         |     2 |       ||     2
Armor: Robe              |    15 |     2 ||    17
Dodge: Dodged            |    85 |    25 ||   110

Table legend: (Time is in decaauts)
 A = Elapsed time spent in this place.
 B = Non-inter-level travel time spent in this place.
 C = Inter-level travel time spent in this place.
 D = Time resting spent in this place.
 E = Time spent auto-exploring this place.
 F = Levels seen in this place.
 G = Mean time per level.
                   A        B        C        D        E       F      G
               +--------+--------+--------+--------+--------+-----+--------+
         Total |   1383 |   1360 |     23 |     61 |   1045 |   2 |  691.5 |
       Dungeon |   1383 |   1360 |     23 |     61 |   1045 |   2 |  691.5 |
               +--------+--------+--------+--------+--------+-----+--------+

Top non-repeatable levels by time:
     D:1: 936 daAuts
     D:2: 446 daAuts
